 Dungeon Crawl Stone Soup version 0.17-b1-33-gd9cf236 (webtiles) character file.

846 OdinFK the Covered (level 8, -2/68 HPs)
             Began as a Hill Orc Fighter on Nov 6, 2015.
             Was an Initiate of Beogh.
             Slain by Menkaure (7 damage)
             ... on level 5 of the Dungeon.
             The game lasted 00:14:44 (3674 turns).

OdinFK the Covered (Hill Orc Fighter)               Turns: 3674, Time: 00:14:44

Health: -2/68      AC: 16    Str: 21    XL:     8   Next: 0%
Magic:  8/8        EV:  7    Int:  8    God:    Beogh [......]
Gold:   121        SH: 10    Dex: 10    Spells: 0 memorised, 7 levels left

rFire  . . .     SeeInvis .     q - +1 short sword (drain)
rCold  . . .     Clarity  .     k - +0 chain mail
rNeg   . . .     SustAt   .     c - +0 shield
rPois  .         Gourm    .     (no helmet)
rElec  .         Spirit   .     G - +2 cloak
rCorr  .         Warding  .     (no gloves)
rMut   .         Stasis   .     A - +1 pair of boots
MR     .....                    (no amulet)
Stlth  ..........               (no ring)
                                (no ring)

@: not resistant to hostile enchantments, extremely unstealthy
A: no striking features
a: Renounce Religion


You were on level 5 of the Dungeon.
You worshipped Beogh.
Beogh was noncommittal.
You were very hungry.

You visited 1 branch of the dungeon, and saw 5 of its levels.

You collected 247 gold pieces.
You spent 126 gold pieces at shops.

Inventory:

Hand Weapons
 a - a +0 long sword
 q - a +1 short sword of draining (weapon)
 B - a +0 antimagic dagger
Missiles
 w - 10 tomahawks (quivered)
Armour
 c - a +0 shield (worn)
 k - a +0 chain mail (worn)
 A - a +1 pair of boots (worn)
 G - a +2 cloak (worn)
Wands
 y - a wand of enslavement (11)
Scrolls
 h - 5 scrolls of identify {unknown}
 m - 3 scrolls of fear {unknown}
 o - 2 scrolls of remove curse {unknown}
 p - 5 scrolls of amnesia {unknown}
 r - a scroll of recharging {unknown}
 s - 2 scrolls of enchant weapon {unknown}
 D - a scroll of noise {unknown}
 E - a scroll of random uselessness {unknown}
 F - a scroll of immolation {unknown}
Potions
 d - a potion of might
 g - a potion of invisibility {unknown}
 i - a potion of heal wounds {unknown}
 j - a potion of mutation {unknown}
 l - 2 potions of haste {unknown}
 t - a potion of agility {unknown}
 v - a potion of poison {unknown}
 x - a potion of ambrosia {unknown}
 C - a potion of degeneration {unknown}
Comestibles
 e - 5 bread rations
 f - 2 royal jellies
 n - 2 slices of pizza
 u - 3 fruits


   Skills:
 + Level 5.0 Fighting
 + Level 2.7(3.3) Short Blades
 + Level 3.1(3.7) Long Blades
 + Level 5.9 Armour
 + Level 2.5 Dodging
 + Level 0.5 Stealth
 + Level 5.8 Shields


You had 7 spell levels left.
You didn't know any spells.

Dungeon Overview and Level Annotations

Branches:
Dungeon (5/15)             Temple (0/1) D:4

Altars:
Gozag
Kikubaaqudgha

Shops:
D:4 [   D:5 }

Annotations:
D:5 Menkaure


Message History

* * * LOW HITPOINT WARNING * * *
You are too injured to fight recklessly!
You block Menkaure's attack. Menkaure hits you!
* * * LOW HITPOINT WARNING * * *
Menkaure gestures at you while chanting.
You struggle to resist.
Menkaure gestures ominously.
Menkaure draws the symbol "Udjat" in the dust.
An orc wizard comes into view. It is wielding a dagger.
The orc wizard shouts!
The orc wizard gestures at you while chanting.
You resist with some effort.
Menkaure calls on the powers of darkness!
Your body is wracked with pain!
* * * LOW HITPOINT WARNING * * *
An orc comes into view. It is wielding a mace.
You can't go up here!
Menkaure hits you!
You die...

#.......<.........#
#...^..#..ooo....###
#......##..........####
#......##.#........#..##
####...##.#.......>....##
##....o..#.##...........
#........#.##.....[....#
#.......##.##..........#
#......@##.##..........#
#.......M..##...........
#.......................
#...................[...
##......................
.......##...##..........
.......##.####..........
####.##...# #...........
#. ..### #...........


You could see Menkaure, an orc (wandering) and a neutral orc wizard (wandering).

Vanquished Creatures
  Sigmund (D:5)
  A water moccasin (D:4)
  Purgy (D:3)
  An ice beast (D:5)
  Blork the orc (D:4)
  5 orc wizards (D:4)
  A worker ant (D:5)
  4 adders
  An ooze (D:2)
  4 worms
  16 orcs
  A ball python (D:3)
  6 bats
  2 bat zombies (D:3)
  8 giant cockroaches
  7 hobgoblins
  2 jackals
  4 quokkas
  4 giant geckos
  A giant gecko skeleton (D:5)
  3 giant newts
  8 goblins
  2 jackal skeletons (D:5)
  4 kobolds
  14 rats
  A rat zombie (D:3)
103 creatures vanquished.

Vanquished Creatures (others)
  Grinder (D:5)
  An orc priest (D:5)
  2 orc wizards (D:5)
  4 orcs (D:5)
8 creatures vanquished.

Grand Total: 111 creatures vanquished

Notes
Turn   | Place    | Note
--------------------------------------------------------------
     0 | D:1      | OdinFK the Hill Orc Fighter began the quest for the Orb.
     0 | D:1      | Reached XP level 1. HP: 19/19 MP: 1/1
   170 | D:1      | Reached skill level 4 in Fighting
   170 | D:1      | Reached XP level 2. HP: 22/27 MP: 2/2
   574 | D:2      | Reached XP level 3. HP: 31/33 MP: 3/3
   952 | D:2      | Reached skill level 1 in Dodging
   952 | D:2      | Reached XP level 4. HP: 40/40 MP: 4/4
  1568 | D:3      | Noticed Purgy
  1590 | D:3      | Killed Purgy
  1590 | D:3      | Reached skill level 1 in Short Blades
  1590 | D:3      | Reached XP level 5. HP: 44/47 MP: 5/5
  1900 | D:3      | Found an opulent altar of Gozag.
  2009 | D:3      | Found an ancient bone altar of Kikubaaqudgha.
  2131 | D:4      | Noticed Blork the orc
  2199 | D:4      | Reached XP level 6. HP: 34/53 MP: 6/6
  2209 | D:4      | Killed Blork the orc
  2534 | D:4      | Reached skill level 5 in Armour
  2676 | D:4      | Found Ipsafaap's Armour Boutique.
  2681 | D:4      | Bought a +1 pair of boots for 126 gold pieces
  2727 | D:4      | Noticed a water moccasin
  2749 | D:4      | Killed a water moccasin
  2749 | D:4      | Reached skill level 5 in Shields
  2749 | D:4      | Reached XP level 7. HP: 39/60 MP: 7/7
  3168 | D:4      | Found a staircase to the Ecumenical Temple.
  3234 | D:5      | Entered Level 5 of the Dungeon
  3234 | D:5      | Noticed Sigmund
  3284 | D:5      | Found Axke's Gadget Shop.
  3285 | D:5      | Noticed Grinder
  3285 | D:5      | Became a worshipper of Beogh the Brigand
  3301 | D:5      | Killed Grinder
  3421 | D:5      | Killed Sigmund
  3421 | D:5      | Reached skill level 5 in Fighting
  3421 | D:5      | Reached XP level 8. HP: 33/68 MP: 8/8
  3472 | D:5      | Noticed Menkaure
  3674 | D:5      | Slain by Menkaure

Action                   |  1- 3 |  4- 6 |  7- 9 || total
-------------------------+-------+-------+-------++-------
Melee: Long sword        |   104 |       |       ||   104
       Short sword       |    15 |   233 |   112 ||   360
Invok: Convert to Beogh  |       |       |     1 ||     1
  Eat: Chunk             |       |     2 |     2 ||     4
       Bread ration      |       |     1 |       ||     1
